 Dungeon Crawl Stone Soup version 0.26-a0-49-g0e6732e0a6 (webtiles) character file.

Game seed: 12784570689113164086

443 DungeonDestroyer the Shield-Bearer (level 7, -2/59 HPs)
             Began as a Gnoll Fighter on June 4, 2020.
             Slain by a worm (4 damage)
             ... on level 4 of the Dungeon.
             The game lasted 00:04:52 (2887 turns).

DungeonDestroyer the Shield-Bearer (Gnoll Fighter)  Turns: 2887, Time: 00:04:53

Health: -2/59      AC:  7    Str: 19    XL:     7   Next: 2%
Magic:  10/10      EV:  9    Int: 11    God:
Gold:   200        SH: 12    Dex: 15    Spells: 10/10 levels left

rFire    . . .     SeeInvis .   a - +0 war axe
rCold    . . .     Gourm    .   c - +1 kite shield
rNeg     . . .     Faith    .   b - +0 scale mail
rPois    .         Spirit   .   (no helmet)
rElec    .         Reflect  .   (no cloak)
rCorr    .         Harm     .   (no gloves)
MR       .....                  (no boots)
Stlth    +.........             (no amulet)
HPRegen  0.19/turn              (no ring)
MPRegen  0.12/turn              (no ring)

@: no status effects
A: distributed training, fangs 1, strong nose
a: no special abilities


You were on level 4 of the Dungeon.
You were hungry.

You visited 1 branch of the dungeon, and saw 4 of its levels.

You collected 200 gold pieces.

Inventory:

Hand Weapons
 a - a +0 war axe (weapon)
 s - a +0 flail
Missiles
 i - 27 stones (quivered)
 l - 19 arrows
 o - 33 sling bullets
 q - 2 poisoned darts
 r - 8 javelins
Armour
 b - a +0 scale mail (worn)
 c - a +1 kite shield (worn)
Wands
 m - a wand of acid (10)
 p - a wand of paralysis (12)
Scrolls
 e - 2 scrolls of teleportation
 h - a scroll of identify
 j - a scroll of fear
 k - a scroll of magic mapping
 n - 5 scrolls of enchant armour
Potions
 d - a potion of might
 g - a potion of curing
Comestibles
 f - 4 rations
 t - 17 chunks of flesh


   Skills:
 + Level 6.9 Fighting
 + Level 2.1 Short Blades
 + Level 2.1 Long Blades
 + Level 5.1 Axes
 + Level 2.1 Maces & Flails
 + Level 2.1 Polearms
 + Level 2.1 Staves
 + Level 2.1 Slings
 + Level 2.1 Bows
 + Level 2.1 Crossbows
 + Level 2.1 Throwing
 + Level 6.9 Armour
 + Level 2.1 Dodging
 + Level 2.1 Stealth
 + Level 6.9 Shields
 + Level 2.1 Unarmed Combat
 + Level 2.1 Spellcasting
 + Level 1.7 Conjurations
 + Level 1.7 Hexes
 + Level 1.7 Charms
 + Level 1.7 Summonings
 + Level 1.7 Necromancy
 + Level 1.7 Translocations
 + Level 1.7 Transmutations
 + Level 1.7 Fire Magic
 + Level 1.7 Ice Magic
 + Level 1.7 Air Magic
 + Level 1.7 Earth Magic
 + Level 1.7 Poison Magic
 + Level 2.4 Invocations
 + Level 2.1 Evocations


You had 10 spell levels left.
You didn't know any spells.
Your spell library was empty.

Dungeon Overview and Level Annotations

Branches:
Dungeon (4/15)
 Temple: D:4-7

Altars:
Fedhas
Hepliaklqana


Innate Abilities, Weirdness & Mutations

Your experience applies equally to all skills.
You have very sharp teeth.
Your uncanny sense of smell can sniff out nearby items.


Message History

The worm bites you!
* * * LOW HITPOINT WARNING * * *
Unknown command.
Unknown command.
Unknown command.
Unknown command.
Your shield prevents you from hitting the worm.
Your bite misses the worm.
The worm is heavily wounded.
Unknown command.
Unknown command.
Unknown command.
You hit the worm. You bite the worm, but do no damage.
The worm is severely wounded.
You block the worm's attack.
Unknown command.
You hit the worm.
The worm is severely wounded.
The worm bites you.
You die...

#.................
#.....(.##........
#.................
#...)))..# .......
#...#....##.......
#...#.#...........
#...#.##.#........
..#####.##..w)......
#..........)@)##...
.............###..#
.#######......... #
..........#....
...#####.#......
.............######.#
.....###..........#..
.#. #............#
...##..#.........#


You could see a worm.

Vanquished Creatures
  An ogre (D:4)
  A scorpion (D:4)
  A howler monkey (D:3)
  3 orc priests (D:4)
  A hound (D:4)
  A hound skeleton (D:4)
  A gnoll (D:1)
  3 adders
  3 oozes
  A worm (D:2)
  3 dart slugs
  2 leopard geckos
  9 orcs
  A ball python (D:1)
  2 giant cockroaches (D:1)
  13 goblins
  8 hobgoblins
  A quokka (D:3)
  11 bats
  4 frilled lizards
  7 kobolds
  8 rats
85 creatures vanquished.

Notes
Turn   | Place    | Note
-------+----------+-------------------------------------------
     0 | D:1      | DungeonDestroyer the Gnoll Fighter began the quest for the
                  | Orb.
     0 | D:1      | Reached XP level 1. HP: 23/23 MP: 1/1
   146 | D:1      | Reached XP level 2. HP: 25/29 MP: 2/2
   402 | D:1      | Reached XP level 3. HP: 33/35 MP: 3/3
   533 | D:1      | Reached skill level 1 in Invocations
   919 | D:2      | Reached skill level 1 in Short Blades
   919 | D:2      | Reached skill level 1 in Long Blades
   919 | D:2      | Reached skill level 1 in Maces & Flails
   919 | D:2      | Reached skill level 1 in Polearms
   919 | D:2      | Reached skill level 1 in Staves
   919 | D:2      | Reached skill level 1 in Slings
   919 | D:2      | Reached skill level 1 in Bows
   919 | D:2      | Reached skill level 1 in Crossbows
   919 | D:2      | Reached skill level 1 in Throwing
   919 | D:2      | Reached skill level 1 in Dodging
   919 | D:2      | Reached skill level 1 in Stealth
   919 | D:2      | Reached skill level 1 in Unarmed Combat
   919 | D:2      | Reached skill level 1 in Spellcasting
   919 | D:2      | Reached skill level 1 in Evocations
   919 | D:2      | Reached XP level 4. HP: 34/41 MP: 5/5
  1070 | D:2      | Found a blossoming altar of Fedhas.
  1432 | D:2      | Reached skill level 1 in Conjurations
  1432 | D:2      | Reached skill level 1 in Hexes
  1432 | D:2      | Reached skill level 1 in Charms
  1432 | D:2      | Reached skill level 1 in Summonings
  1432 | D:2      | Reached skill level 1 in Necromancy
  1432 | D:2      | Reached skill level 1 in Translocations
  1432 | D:2      | Reached skill level 1 in Transmutations
  1432 | D:2      | Reached skill level 1 in Fire Magic
  1432 | D:2      | Reached skill level 1 in Ice Magic
  1432 | D:2      | Reached skill level 1 in Air Magic
  1432 | D:2      | Reached skill level 1 in Earth Magic
  1432 | D:2      | Reached skill level 1 in Poison Magic
  1986 | D:3      | Reached XP level 5. HP: 47/47 MP: 5/7
  2047 | D:3      | Found a hazy altar of Hepliaklqana.
  2533 | D:4      | Reached XP level 6. HP: 35/53 MP: 8/8
  2693 | D:4      | Reached skill level 5 in Axes
  2879 | D:4      | Reached XP level 7. HP: 14/59 MP: 10/10
  2884 | D:4      | HP: 1/59 [worm (8)]
  2887 | D:4      | Slain by a worm

Illustrated notes

Levels and vault maps discovered:
D:1:      giann_forest_graveyard, layout_basic, minmay_tetromino_l4
D:2:      layout_basic, fedhas_altar_3
D:3:      layout_loops_corners, lemuel_coloured_pillars_altar
D:4:      layout_rooms, kennysheep_mini_moat, first_ration,
          minmay_misc_feat_tiny, uniq_robin

Skill      XL: |  1  2  3  4  5  6 |
---------------+-------------------+-----
Invocations    | 1 2 |  2.4
Short Blades   | 1 2 |  2.1
Long Blades    | 1 2 |  2.1
Maces & Flails | 1 2 |  2.1
Polearms       | 1 2 |  2.1
Staves         | 1 2 |  2.1
Slings         | 1 2 |  2.1
Bows           | 1 2 |  2.1
Crossbows      | 1 2 |  2.1
Throwing       | 1 2 |  2.1
Dodging        | 1 2 |  2.1
Stealth        | 1 2 |  2.1
Unarmed Combat | 1 2 |  2.1
Spellcasting   | 1 2 |  2.1
Evocations     | 1 2 |  2.1
Conjurations   | 1 |  1.7
Hexes          | 1 |  1.7
Charms         | 1 |  1.7
Summonings     | 1 |  1.7
Necromancy     | 1 |  1.7
Translocations | 1 |  1.7
Transmutations | 1 |  1.7
Fire Magic     | 1 |  1.7
Ice Magic      | 1 |  1.7
Air Magic      | 1 |  1.7
Earth Magic    | 1 |  1.7
Poison Magic   | 1 |  1.7
Axes           | 5 |  5.1
Fighting       | |  6.9
Armour         | |  6.9
Shields        | |  6.9

Action                   |  1- 3 |  4- 6 |  7- 9 || total
-------------------------+-------+-------+-------++-------
Melee: War axe           |    89 |   130 |     8 ||   227
       Bite              |     9 |    17 |     2 ||    28
  Use: Potion            |     2 |     2 |       ||     4
       Scroll            |     1 |     4 |       ||     5
  Eat: Chunk             |       |     6 |       ||     6
Armor: Scale mail        |    36 |    45 |     1 ||    82
Dodge: Dodged            |    25 |    41 |     2 ||    68
Block: Kite shield       |    58 |    88 |     4 ||   150

Table legend:
 A = Non-vault XP
 B = Vault XP
 C = Vault XP percentage of total XP
 D = Non-vault monster count
 E = Vault monster count
 F = Vault count percentage of total count
                 A         B        C        D         E       F
            +---------+---------+-------+---------+---------+-------
      Total |     627 |       6 |   0.9 |      81 |       4 |   4.7
            +---------+---------+-------+---------+---------+-------
        D:1 |      56 |       6 |   9.7 |      26 |       4 |  13.3
        D:2 |      78 |       0 |   0.0 |      23 |       0 |   0.0
        D:3 |     103 |       0 |   0.0 |      18 |       0 |   0.0
        D:4 |     390 |       0 |   0.0 |      14 |       0 |   0.0
            +---------+---------+-------+---------+---------+-------
